[Event "*** Titled Tuesday Blitz"]
[Site "Chess.com"]
[Date "2021.03.30"]
[Round "11"]
[White "XDPS"]
[Black "Agoking701"]
[Result "1/2-1/2"]
[WhiteElo "2743"]
[BlackElo "2361"]
[TimeControl "180+1"]
[EndTime "12:08:27 PDT"]
[Termination "Game drawn by repetition"]

1. Nf3 Nf6 2. b3 g6 3. Bb2 Bg7 4. g3 O-O 5. Bg2 b6 6. O-O Bb7 7. c4 c5 8. d4 cxd4 9. Qxd4 d5 10. Rd1 Qc7 11. cxd5 Bxd5 12. Nc3 Rd8 13. Rac1 Nc6 14.
Qh4 Bxf3 15. Bxf3 Rxd1+ 16. Rxd1 Rd8 17. Rxd8+ Nxd8 18. Qa4 Nd7 19. Nd5 Qd6 20. Bxg7 Kxg7 21. Qxa7 Ne6 22. Qa4 Ne5 23. Bg2 Qc5 24. h3 Nd4 25.
Nf4 g5 26. Nh5+ Kh6 27. g4 Nxe2+ 28. Kf1 Nf4 29. Nxf4 Qc1+ 30. Ke2 gxf4 31. Qe4 Qb2+ 32. Kf1 Qc1+ 33. Ke2 Qb2+ 34. Ke1 Qc1+ 35. Ke2 1/2-1/2

[Event "*** Titled Tuesday Blitz"]
[Site "Chess.com"]
[Date "2021.03.30"]
[Round "11"]
[White "mamonika"]
[Black "mr65"]
[Result "0-1"]
[WhiteElo "2045"]
[BlackElo "2108"]
[TimeControl "180+1"]
[EndTime "12:08:27 PDT"]
[Termination "mr65 won on time"]

1. e4 e5 2. Nf3 Nc6 3. Bb5 a6 4. Ba4 Nf6 5. d3 b5 6. Bb3 Be7 7. O-O O-O 8. Re1 d5 9. exd5 Nxd5 10. Nxe5 Nxe5 11. Rxe5 Bb7 12. Qe2 Bf6 13. Rh5 g6 14.
Rh3 Re8 15. Qd1 Bc8 16. Re3 Nxe3 17. fxe3 Be6 18. Nc3 Bxc3 19. bxc3 Bxb3 20. cxb3 Qh4 21. Bd2 Rad8 22. d4 Rd5 23. Qe1 Qxe1+ 24. Rxe1 f5 25. c4 Rdd8 26. Ba5 Rd7 27. Kf2 bxc4 28. bxc4 Rb8 29.
Re2 c6 30. c5 Kf7 31. Bb6 Ke6 32. Kf3 Kd5 33. e4+ fxe4+ 34. Rxe4 Rf7+ 35. Ke3 Rbb7 36. Kd3 Rbe7 37. Rxe7 Rxe7 38. Bd8 Re4 39. Bf6 Rf4 40. Be5 Rf2 41. g4 Rxa2 42. h4 Ra3+ 43. Kd2 Rh3 44. Bf6 a5 0-1

[Event "*** Titled Tuesday Blitz"]
[Site "Chess.com"]
[Date "2021.03.30"]
[Round "11"]
[White "SantoBlue"]
[Black "Jungle_Jaguar"]
[Result "1/2-1/2"]
[WhiteElo "2802"]
[BlackElo "2631"]
[TimeControl "180+1"]
[EndTime "12:08:28 PDT"]
[Termination "Game drawn by stalemate"]

1. e4 c5 2. Nf3 d6 3. d4 cxd4 4. Nxd4 Nf6 5. Nc3 Nc6 6. Bg5 e6 7. Bb5 Bd7 8. Qd3 a6 9. Bxc6 bxc6 10. O-O-O Qb6 11. e5 Nd5 12. exd6 Bxd6 13. Ne4 Be5 14. Nb3 O-O 15. c4 Nb4 16. Qxd7 Nxa2+ 17. Kc2 a5 18.
Be3 Qb8 19. Bc5 a4 20. Nd4 Bxd4 21. Qxd4 Qb3+ 22. Kb1 Nb4 23. Bxb4 Qxb4 24. Qc3 Qb8 25. Qa3 Qf4 26. f3 Rfb8 27. Rd3 f5 28. Nc5 Qxc4 29.
Rc1 Qh4 30. Nxe6 Qxh2 31. Rd7 Qe5 32. Rxg7+ Kh8 33. Qc3 Qxc3 34. Rxc3 Re8 35. Rxc6 Rxe6 36. Rxh7+ Kxh7 37. Rxe6 Rg8 38. Re2 Kg6 39. Ka2 Rd8 40.
Ka3 Rd4 41. Re6+ Kg5 42. Ra6 Rd2 43. Rxa4 Rxg2 44. Rc4 Rg3 45. Rc3 Kf4 46. b4 Rxf3 47. Rxf3+ Kxf3 48. b5 f4 49. b6 Kg2 50. b7 f3 51.
b8=Q f2 52. Qg8+ Kh2 53. Qh7+ Kg2 54. Qe4+ Kh2 55. Qh4+ Kg2 56. Qg4+ Kh2 57. Qf3 Kg1 58. Qg3+ Kh1 59. Qxf2 1/2-1/2

[Event "*** Titled Tuesday Blitz"]
[Site "Chess.com"]
[Date "2021.03.30"]
[Round "11"]
[White "tteshan"]
[Black "lukazz029"]
[Result "1-0"]
[WhiteElo "2328"]
[BlackElo "2176"]
[TimeControl "180+1"]
[EndTime "12:08:28 PDT"]
[Termination "tteshan won by resignation"]

1. d4 Nf6 2. Nf3 e6 3. Bf4 Bd6 4. Bxd6 cxd6 5. c4 d5 6. cxd5 Nxd5 7. e4 Nb6 8. Nc3 O-O 9. Bd3 d5 10. e5 Nc6 11. Qc2 h6 12. a3 Bd7 13. O-O Rc8 14. Qe2 Na5 15. Rac1 Nac4 16. Bb1 g6 17. g3 Kg7 18. Nh4 a6 19. Qd3 Nxb2 20. Qf3 N2c4 21. Qg4 Be8 22. f4 Nxa3 23. Bd3 Qe7 24. f5 Qb4 25. fxg6 fxg6 26. Bxg6 Kh8 27. Bxe8 Rcxe8 28. Ng6+ Kh7 29. Nxf8+ Rxf8 30. Rxf8 Qxf8 31. Rf1 Qg8 32. Qh5 Qg7 33. Rf7 Kg8 34. Rxg7+ Kxg7 35. Qg4+ Kf7 36.
Qh5+ Ke7 37. Qxh6 Nb5 38. Qg7+ Kd8 39. Qf8+ Kc7 40. Qc5+ Kd7 41. Qxb6 Nxc3 42. Qxb7+ Ke8 43.
Qc6+ Kf7 44. Qxc3 1-0

[Event "*** Titled Tuesday Blitz"]
[Site "Chess.com"]
[Date "2021.03.30"]
[Round "11"]
[White "Zhigalko_Sergei"]
[Black "liczner"]
[Result "1-0"]
[WhiteElo "2924"]
[BlackElo "2840"]
[TimeControl "180+1"]
[EndTime "12:08:29 PDT"]
[Termination "Zhigalko_Sergei won by resignation"]

1. e4 c6 2. d4 d5 3. e5 Bf5 4.
Nf3 e6 5. Be2 Ne7 6. O-O Bg6 7.
Nbd2 c5 8. c4 cxd4 9. Nxd4 Nec6 10. N2f3 dxc4 11. Bxc4 Be7 12. Be3 O-O 13. Rc1 Nxd4 14.
Nxd4 Qa5 15. Qb3 Qb4 16. Qxb4 Bxb4 17. Rfd1 Bc5 18. Nxe6 Bxe3 19. Nxf8 Bxc1 20. Rd8 Nd7 21. Rxa8 Nxf8 22. e6 fxe6 23. Bxe6+ Bf7 24. Bxf7+ Kxf7 25.
Rxa7 Nd7 26. Rxb7 Ke6 27. b4 Kd6 28. a4 Ba3 29. a5 Kc6 30. a6 Nb6 31. Rxg7 Bxb4 32.
Rxh7 Kb5 33. a7 Ka6 34. h4 Na8 35. h5 Bc5 36. h6 Bxa7 37. Rxa7+ Kxa7 38. h7 1-0

[Event "*** Titled Tuesday Blitz"]
[Site "Chess.com"]
[Date "2021.03.30"]
[Round "11"]
[White "CrushingKings"]
[Black "KarateBaby"]
[Result "1-0"]
[WhiteElo "2464"]
[BlackElo "2331"]
[TimeControl "180+1"]
[EndTime "12:08:29 PDT"]
[Termination "CrushingKings won by resignation"]

1. e4 g6 2. d4 Bg7 3. Nc3 d6 4. Be3 a6 5. a4 Nc6 6. Qd2 e5 7. Nge2 exd4 8. Nxd4 Nf6 9. f3 O-O 10. Bc4 Ne5 11. Bb3 Nfd7 12. Bh6 Qh4+ 13. g3 Qxh6 14. f4 Ng4 15. Nf3 Nc5 16. O-O-O Be6 17. h3 Nf6 18.
Bxe6 Nxe6 19. Kb1 b5 20. a5 Kh8 21. Ng5 Qh5 22. g4 Qh4 23. e5 dxe5 24. Nxe6 fxe6 25.
fxe5 Nd5 26. Nxd5 exd5 27. Qxd5 Rad8 28. Qc6 Qe7 29. Qxa6 Qxe5 30. c3 b4 31. Rxd8 Rxd8 32. Qc4 bxc3 33. bxc3 Qxa5 34. Rf1 Rd2 35. Qb3 Qxc3 36.
Qb8+ 1-0

[Event "*** Titled Tuesday Blitz"]
[Site "Chess.com"]
[Date "2021.03.30"]
[Round "11"]
[White "EvgenyT"]
[Black "eljanov"]
[Result "1-0"]
[WhiteElo "2933"]
[BlackElo "2851"]
[TimeControl "180+1"]
[EndTime "12:08:31 PDT"]
[Termination "EvgenyT won by resignation"]

1. d4 Nf6 2. Nf3 e6 3. g3 d5 4.
Bg2 b5 5. O-O Be7 6. a4 b4 7. c4 bxc3 8. bxc3 O-O 9. c4 c6 10. Bf4 Ba6 11. Nbd2 Nbd7 12. c5 Nh5 13. Re1 Nxf4 14. gxf4 Rb8 15. e3 Qa5 16. Qc2 Rb4 17. f5 Rfb8 18. fxe6 fxe6 19. Reb1 Bf6 20. Rxb4 Rxb4 21.
Bh3 Nf8 22. Qc3 Bd8 23. Nb3 Rxb3 24. Qxb3 Bc7 25. Rb1 Be2 26. Ng5 e5 27. Qb7 h6 28.
Ne6 Nxe6 29. Bxe6+ Kh7 30. Bf5+ g6 31. Bh3 Bd3 32. Rd1 Bc2 33. Rc1 Be4 34. Qxc6 exd4 35. Qd7+ Kh8 36. Qe8+ Kg7 37. Qe7+ Kh8 38. Be6 h5 39.
Qf7 1-0

[Event "*** Titled Tuesday Blitz"]
[Site "Chess.com"]
[Date "2021.03.30"]
[Round "11"]
[White "Mikhail_Golubev"]
[Black "Borsuk_Konstantin"]
[Result "0-1"]
[WhiteElo "2558"]
[BlackElo "2673"]
[TimeControl "180+1"]
[EndTime "12:08:31 PDT"]
[Termination "Borsuk_Konstantin won by resignation"]

1. e4 e6 2. d4 d5 3. Nc3 Bb4 4. e5 b6 5. a3 Bf8 6. Bb5+ c6 7.
Ba4 b5 8. Bb3 Ne7 9. Nce2 c5 10.
c3 Nbc6 11. Nf3 b4 12. axb4 cxb4 13. O-O Bd7 14. c4 Na5 15. c5 Nxb3 16. Qxb3 Bb5 17.
Re1 Nc6 18. Nf4 g6 19. h4 a5 20. Be3 Be7 21. Qc2 Bxh4 22. g3 Be7 23. Kg2 Kd7 24. Rh1 h5 25. b3 Kc7 26. Nh3 Qc8 27. Nhg5 Nd8 28. Bf4 Qa6 29. Rad1 Kd7 30. Nxf7 Nxf7 31. Qxg6 Raf8 32. Rxh5 Rxh5 33. Qxh5 Be2 34. Rd2 Bxf3+ 35. Qxf3 Nd8 36. Qg4 Nc6 37. Qg7 Qc8 38. Bg5 Rg8 39.
Qf7 Rxg5 40. f4 Qg8 41. Qxg8 Rxg8 42. Kf3 Rh8 0-1

[Event "*** Titled Tuesday Blitz"]
[Site "Chess.com"]
[Date "2021.03.30"]
[Round "11"]
[White "Niktlt"]
[Black "KubaGepard"]
[Result "0-1"]
[WhiteElo "2568"]
[BlackElo "2447"]
[TimeControl "180+1"]
[EndTime "12:08:31 PDT"]
[Termination "KubaGepard won by resignation"]

1. c4 e6 2. Nc3 d5 3. d4 a6 4. Nf3 dxc4 5. a4 Nf6 6. e3 c5 7. Bxc4 Nc6 8. O-O Be7 9. dxc5 Qc7 10. b3 Bxc5 11. Bb2 O-O 12. Rc1 b6 13. Ne2 Qe7 14.
Ng3 h6 15. Qe2 e5 16. Nd2 Na5 17. Bd3 Bg4 18. f3 Be6 19. Bxe5 Nxb3 20. Nxb3 Bxb3 21. f4 Be6 22. h3 Rfe8 23. Bb1 Nd5 24.
Rxc5 bxc5 25. Qd3 Nf6 26. Nf5 Bxf5 27. Qxf5 Qe6 28. Qc2 Rad8 29. g4 c4 30. Kg2 Rd3 31. Rf3 Qd5 32. Bd4 Rexe3 33. Bxe3 Rxe3 34. Qf2 Rxf3 35. Qxf3 Qd2+ 36. Qf2 c3 37. Bc2 Nd5 38. Bb3 Ne3+ 39. Kf3 Qxf2+ 40. Kxf2 c2 41. Bxc2 Nxc2 42. Ke2 Nd4+ 43. Kd3 Ne6 44. Kc4 Nxf4 45. Kc5 Nd3+ 46. Kb6 Nb2 47. a5 Nc4+ 48. Kxa6 g6 49. Kb5 Nxa5 50.
Kxa5 f5 51. Kb4 f4 52. Kc3 g5 53. Kd2 Kf7 54. Kd3 Ke6 55. Ke4 Kd6 56. Kd4 Kc6 57. Kc4 Kb6 58. h4 Kc6 0-1

[Event "*** Titled Tuesday Blitz"]
[Site "Chess.com"]
[Date "2021.03.30"]
[Round "11"]
[White "kuba2006"]
[Black "novocane"]
[Result "1-0"]
[WhiteElo "2342"]
[BlackElo "2229"]
[TimeControl "180+1"]
[EndTime "12:08:34 PDT"]
[Termination "kuba2006 won by resignation"]

1. e4 c5 2. Nf3 Nc6 3. d4 cxd4 4. Nxd4 e5 5. Nb5 d6 6. N1c3 a6 7. Na3 Be7 8. Nd5 Nf6 9. Nxf6+ Bxf6 10. Nc4 O-O 11. Qxd6 Qxd6 12. Nxd6 Nb4 13. Bd3 Rd8 14. Nxc8 Raxc8 15. Ke2 Nxc2 16. Be3 Nxa1 17. Rxa1 Rd7 18. a4 Rcd8 19. Bc4 h6 20. a5 Bg5 21. Bb6 Rd2+ 22.
Ke1 Rc8 23. b3 Rc2 24. Bd5 Rc1+ 25. Rxc1 Rxc1+ 26. Ke2 Rb1 27. Bxb7 Rxb3 28. Bxa6 Be7 29. Bc4 Rb4 30. Kd3 Ra4 31. a6 Bd6 32. a7 Ra3+ 33.
Kc2 Bc7 34. Bxc7 Rxa7 35. Bxe5 Re7 36. f4 Kf8 37. Bd6 1-0

[Event "*** Titled Tuesday Blitz"]
[Site "Chess.com"]
[Date "2021.03.30"]
[Round "11"]
[White "politeplayer"]
[Black "korkmaz16"]
[Result "0-1"]
[WhiteElo "2212"]
[BlackElo "2441"]
[TimeControl "180+1"]
[EndTime "12:08:36 PDT"]
[Termination "korkmaz16 won by resignation"]

1. e4 e6 2. d4 d5 3. exd5 exd5 4. Nf3 Nf6 5. Bd3 Bd6 6. Qe2+ Be6 7. Ng5 Qe7 8. Nxe6 fxe6 9. O-O O-O 10. Bg5 e5 11. dxe5 Qxe5 12. Qxe5 Bxe5 13. Nc3 c6 14. Rae1 Nbd7 15.
Bxf6 Rxf6 16. g3 g5 17. f4 gxf4 18. gxf4 Bd6 19. Ne2 Kh8 20. Ng3 Rg8 21. Kg2 Nc5 22.
f5 h5 23. Kf3 Nxd3 24. cxd3 h4 25. Ne2 Rxf5+ 26. Ke3 Re5+ 27. Kd2 Rg2 28. a3 Rxh2 29. Rf7 Re7 30. Rf6 Be5 31. Rf5 Bxb2 32. Kd1 h3 33. d4 Bxa3 34. Nf4 Rxe1+ 35. Kxe1 Rh1+ 36. Kf2 h2 37.
Kg2 Rd1 38. Kxh2 Bd6 39. Kh3 Bxf4 40. Rxf4 Rb1 41. Kg4 Kg7 42. Kf5 Kf7 43. Ke5+ Ke7 44. Rh4 Re1+ 45. Kf5 Kd7 46. Rh7+ Kc8 47. Kf6 a5 48.
Rh3 b5 49. Rc3 Kc7 50. Rg3 a4 0-1

[Event "*** Titled Tuesday Blitz"]
[Site "Chess.com"]
[Date "2021.03.30"]
[Round "11"]
[White "catzapto"]
[Black "annamaja"]
[Result "0-1"]
[WhiteElo "2170"]
[BlackElo "2335"]
[TimeControl "180+1"]
[EndTime "12:08:36 PDT"]
[Termination "annamaja won by checkmate"]

1. e4 e6 2. d4 d5 3. Nd2 Nf6 4. e5 Nfd7 5. Bd3 c5 6. c3 Nc6 7.
Ne2 cxd4 8. cxd4 f6 9. exf6 Qxf6 10. O-O Bd6 11. Nf3 h6 12. Ng3 O-O 13. Nh5 Qf7 14. Nh4 Ne7 15. Qg4 Nf6 16. Nxf6+ Qxf6 17. Ng6 e5 18.
Nxe7+ Bxe7 19. dxe5 Bxg4 20. exf6 Rxf6 21. Be3 a6 22.
Rac1 Rc6 23. Rxc6 bxc6 24. Rc1 Bd7 25. f3 Bf6 26. b3 a5 27. Bd2 a4 28. b4 Bb2 29. Rc2 Bd4+ 30. Kf1 Rc8 31. a3 c5 32. bxc5 Rxc5 33. Rxc5 Bxc5 34. Bb4 Bxb4 35. axb4 a3 36.
Bb1 Bb5+ 37. Ke1 Bc4 38. b5 Bxb5 39. Kd2 Bc4 40. Kc3 Kf7 41. f4 Ke7 42. g4 Kd6 43. f5 Kc5 44. h4 d4+ 45. Kc2 a2 46. Bxa2 Bxa2 47. g5 hxg5 48. hxg5 Bd5 49. Kd3 Bc4+ 50.
Ke4 d3 51. Ke3 Kd6 52. f6 gxf6 53. gxf6 Ke6 54. Kd2 Kxf6 55. Kc3 Ke5 56. Kd2 Kd4 57. Kd1 Ke3 58. Kc1 d2+ 59. Kd1 Bb3# 0-1

[Event "*** Titled Tuesday Blitz"]
[Site "Chess.com"]
[Date "2021.03.30"]
[Round "11"]
[White "Chesswizard_2007"]
[Black "karinachess1"]
[Result "1-0"]
[WhiteElo "2678"]
[BlackElo "2483"]
[TimeControl "180+1"]
[EndTime "12:08:38 PDT"]
[Termination "Chesswizard_2007 won on time"]

1. e4 e5 2. Nf3 Nc6 3. Nc3 Nf6 4. a3 Bc5 5. Nxe5 Bxf2+ 6. Kxf2 Nxe5 7. d4 Neg4+ 8. Kg1 d5 9. h3 Nh6 10. Bg5 dxe4 11.
Nxe4 Nhg8 12. Bc4 Bf5 13. Ng3 Be6 14. d5 Bxd5 15. Qe2+ Qe7 16. Nf5 Qxe2 17. Bxe2 g6 18. Nd4 Ne4 19. Bf4 O-O-O 20. c4 Be6 21. Nxe6 fxe6 22.
Bg4 Ngf6 23. Bxe6+ Kb8 24. c5 Rhe8 25. Bf7 Re7 26.
Ba2 Nxc5 27. Kh2 Nce4 28. Rhe1 Red7 29. Rac1 a6 30. Be6 Re7 31. Bb3 Red7 32. Bg5 Re8 33. Ba4 b5 34. Bc2 Re6 35. Bb3 Re8 36. Rc2 c5 37.
Rce2 Rde7 38. Bc2 Re5 39. Bxf6 1-0

[Event "*** Titled Tuesday Blitz"]
[Site "Chess.com"]
[Date "2021.03.30"]
[Round "11"]
[White "fabianvivasz"]
[Black "DanilovVladimir"]
[Result "1-0"]
[WhiteElo "2420"]
[BlackElo "2478"]
[TimeControl "180+1"]
[EndTime "12:08:38 PDT"]
[Termination "fabianvivasz won by resignation"]

1. e4 e5 2. Nf3 Nc6 3. Bc4 Nf6 4.
d4 exd4 5. e5 d5 6. Bb5 Ne4 7.
Nxd4 Bd7 8. Bxc6 bxc6 9. O-O Bc5 10. f3 Ng5 11. f4 Ne4 12. Be3 Bb6 13. Nc3 Nxc3 14.
bxc3 Qe7 15. a4 a5 16. Bf2 O-O 17. Qh5 f6 18. Bh4 Qf7 19. Qxf7+ Kxf7 20. exf6 gxf6 21. Rfe1 Bf5 22. Bf2 Bxd4 23. cxd4 Bxc2 24. Rec1 Bb3 25. Rxc6 Rfc8 26. Bh4 f5 27. Re1 Re8 28. Rxc7+ Kg6 29. Rc6+ Kf7 30. Rc7+ Kg6 31. Rc6+ Kf7 32. Rf6+ Kg7 33.
Rxf5 Rxe1+ 34. Bxe1 Kg6 35. Re5 h5 36. f5+ Kf6 37.
Bh4+ Kf7 38. Re7+ Kf8 39. Rh7 Kg8 40. Rxh5 Bxa4 41. f6 Be8 42. Rg5+ Kf7 43. Rg7+ Ke6 44. Re7+ Kf5 45. f7 Bxf7 46. Rxf7+ Ke4 47. Bf6 a4 48.
Re7+ Kd3 49. Re1 a3 50. h4 a2 51. Ra1 Kc3 52. h5 Kb2 53. Rxa2+ Kxa2 54. h6 Ra7 55.
Bg7 Kb3 56. h7 Rxg7 57. h8=Q Rb7 58. Qc8 Rb5 59. Qc6 Kb4 60. g4 Ra5 61. g5 Ra1+ 62.
Kf2 Ra2+ 63. Kf3 Ra3+ 64. Kf4 Rc3 65. Qxd5 Rc4 66. Qxc4+ Kxc4 67. g6 Kd5 68. g7 Kxd4 69.
g8=Q 1-0

[Event "*** Titled Tuesday Blitz"]
[Site "Chess.com"]
[Date "2021.03.30"]
[Round "11"]
[White "pastouche06"]
[Black "karwowskikacper"]
[Result "1-0"]
[WhiteElo "2546"]
[BlackElo "2432"]
[TimeControl "180+1"]
[EndTime "12:08:39 PDT"]
[Termination "pastouche06 won by resignation"]

1. d4 Nf6 2. c4 g6 3. f3 Bg7 4.
e4 O-O 5. Ne2 d5 6. cxd5 c6 7.
dxc6 bxc6 8. Nbc3 Ba6 9. Be3 Qa5 10. Qd2 Rd8 11. Nc1 Bxf1 12. Rxf1 e5 13. Nb3 Qa6 14. Qf2 Nbd7 15. Qe2 Qb7 16. Rd1 a5 17. Rf2 a4 18.
Nc5 exd4 19. Nxb7 dxe3 20. Qxe3 Rdb8 21. Nc5 Ne5 22. N5xa4 Nc4 23. Qc1 Nh5 24. b3 Ne5 25.
g3 f5 26. exf5 gxf5 27. Kf1 f4 28. g4 Nf6 29. Qxf4 Ng6 30. Qc4+ Kh8 31. Re2 Rf8 32. Nb6 Rab8 33. Nba4 Nd5 34. Nxd5 cxd5 35. Qxd5 Nf4 36. Qe4 Nxe2 37. Qxe2 Rbe8 38. Qd3 Re7 39. Nc3 Ref7 40. Kg2 Rc8 41. Nd5 Ra7 42. a4 Rb7 43. b4 1-0

[Event "*** Titled Tuesday Blitz"]
[Site "Chess.com"]
[Date "2021.03.30"]
[Round "11"]
[White "Romadk"]
[Black "Manukyan_Artak"]
[Result "0-1"]
[WhiteElo "2317"]
[BlackElo "2464"]
[TimeControl "180+1"]
[EndTime "12:08:40 PDT"]
[Termination "Manukyan_Artak won on time"]

1. d4 Nf6 2. Nf3 g6 3. c4 Bg7 4. Nc3 d6 5. Bg5 O-O 6. e3 c5 7. d5 Qa5 8. Nd2 e5 9. dxe6 Bxe6 10. Be2 Nc6 11. Bf3 Ne5 12. Bxf6 Nd3+ 13. Ke2 Nxb2 14. Qc2 Bxf6 15. Nd5 Bxd5 16. Bxd5 Na4 17. Ne4 Bxa1 18. Rxa1 Kg7 19. Rb1 Nb6 20. Rb5 Qa4 21. Qb2+ f6 22. Nxd6 Rad8 23. Nxb7 Rxd5 24. cxd5 Qc4+ 25. Ke1 Qxd5 26.
Nxc5 Rd8 27. Qb3 Qd2+ 28. Kf1 Kh6 29. Ne6 Qc1+ 30. Ke2 Rd2+ 31. Kf3 Qe1 32. Nf4 Qxf2+ 33. Ke4 Rd7 34. Qe6 Qc2+ 35. Kf3 Qd1+ 36. Kg3 Qd6 37.
Qh3+ Kg7 38. Qg4 g5 39. Rxg5+ fxg5 40. Qxg5+ Kf8 0-1

[Event "*** Titled Tuesday Blitz"]
[Site "Chess.com"]
[Date "2021.03.30"]
[Round "11"]
[White "chess94cu"]
[Black "Gabix_94"]
[Result "1/2-1/2"]
[WhiteElo "2606"]
[BlackElo "2759"]
[TimeControl "180+1"]
[EndTime "12:08:41 PDT"]
[Termination "Game drawn - insufficient material"]

1. e4 c5 2. Nf3 Nc6 3. Bb5 e6 4.
O-O Nge7 5. Re1 a6 6. Bf1 d5 7.
exd5 Nxd5 8. d4 cxd4 9. Nxd4 Ndb4 10. Nxc6 Qxd1 11. Rxd1 Nxc6 12. Nc3 Be7 13. a3 O-O 14. Bf4 b5 15. g3 Ra7 16. Bg2 Na5 17. a4 b4 18. Ne4 f5 19. Nd6 Bf6 20. c3 bxc3 21. bxc3 Bd7 22. Be3 Raa8 23. Bxa8 Rxa8 24. Ne4 fxe4 25.
Rxd7 Nc4 26. Bd4 e5 27. Ba7 h6 28. Rb1 Kh7 29. Rb8 Rxb8 30. Bxb8 Nb6 31. Ra7 Nxa4 32. c4 Bg5 33. Rxa6 Nc5 34. Ra5 Nb3 35. Rxe5 Nd2 36. Kg2 Nxc4 37. Rxe4 Nb6 38. h4 Bf6 39. Be5 Bd8 40. Rg4 g5 41. hxg5 hxg5 42. Rd4 Be7 43. Bd6 Bf6 44. Re4 Kg6 45. Be5 Kf5 46. Rb4 Nd5 47.
Bxf6 Nxb4 48. Bxg5 Kxg5 49. Kf3 Nc6 50. g4 Ne5+ 51.
Kg3 Nxg4 52. f4+ Kf5 53. Kf3 Nf6 54. Ke3 Nd5+ 55. Kd3 Nxf4+ 1/2-1/2

[Event "*** Titled Tuesday Blitz"]
[Site "Chess.com"]
[Date "2021.03.30"]
[Round "11"]
[White "Larciano"]
[Black "LamaChampetre"]
[Result "1-0"]
[WhiteElo "1998"]
[BlackElo "2205"]
[TimeControl "180+1"]
[EndTime "12:08:41 PDT"]
[Termination "Larciano won on time"]

1. e4 c5 2. c3 d5 3. exd5 Qxd5 4. d4 g6 5. Nf3 Bg7 6. Be3 cxd4 7. cxd4 Nf6 8. Nc3 Qd8 9. Bc4 O-O 10. O-O a6 11.
h3 b5 12. Bb3 Bb7 13. Ne5 Nbd7 14. a3 Nb6 15. Re1 Nfd5 16. Qd2 Nxe3 17. Qxe3 e6 18. Rad1 Nd5 19. Qg3 Rc8 20. Ne4 a5 21. h4 a4 22. Ba2 b4 23. axb4 Nxb4 24. Bb1 Qd5 25. h5 Nc6 26. Qa3 Nxe5 27. dxe5 Qc6 28. Rd6 Qxe4 29. Bxe4 Bxe4 30. Rxe4 Rc1+ 31. Kh2 Rfc8 32.
Rd2 Bh6 33. f4 Bg7 34. hxg6 hxg6 35. Qxa4 g5 36. fxg5 Rf1 37. Kg3 Rf5 38. Qa6 Rf8 39.
Rc2 Rxg5+ 40. Kh2 Bxe5+ 41. Kg1 Bg7 42. Rc8 Rxc8 43. Qxc8+ Kh7 44. Rh4+ Kg6 45. Qc2+ 1-0

[Event "*** Titled Tuesday Blitz"]
[Site "Chess.com"]
[Date "2021.03.30"]
[Round "11"]
[White "UKR_Master"]
[Black "bolence16"]
[Result "1-0"]
[WhiteElo "2545"]
[BlackElo "2431"]
[TimeControl "180+1"]
[EndTime "12:08:43 PDT"]
[Termination "UKR_Master won by resignation"]

1. e4 e5 2. Nf3 Nc6 3. Bb5 Nd4 4. Nxd4 exd4 5. Bc4 Nf6 6. e5 d5 7. exf6 dxc4 8.
fxg7 Bxg7 9. O-O O-O 10. d3 Be6 11. Bf4 cxd3 12. cxd3 Bf5 13. Qd2 c5 14. Na3 a6 15.
Nc4 b5 16. Nd6 Be6 17. Rfc1 Qb6 18. Ne4 Rac8 19. Bd6 c4 20. Bxf8 Rxf8 21. Qf4 Bd5 22. Ng5 h6 23. Qf5 hxg5 24. Qxd5 c3 25. b3 Qg6 26. Rd1 Rc8 27. Rac1 g4 28. Rc2 Qe6 29. Qxe6 fxe6 30. Re1 Kf7 31. Re4 Rc5 32. Rxg4 Re5 33.
Kf1 Bh6 34. Rxd4 Bd2 35. Re4 Rd5 36. Ke2 a5 37. Rxd2 cxd2 38. Kxd2 Rh5 39. h4 Rf5 40. f3 Rc5 41. g4 b4 42. h5 Kf6 43. Rf4+ Kg7 44.
Rc4 Rd5 45. Rc6 Kf7 46. h6 Re5 47. f4 Rd5 48. g5 Rd8 49. Ra6 Rd5 50. Ra7+ Kg8 51.
Ke3 e5 52. f5 Rd4 53. g6 1-0

[Event "*** Titled Tuesday Blitz"]
[Site "Chess.com"]
[Date "2021.03.30"]
[Round "11"]
[White "Msb2"]
[Black "Shield12"]
[Result "0-1"]
[WhiteElo "2904"]
[BlackElo "2837"]
[TimeControl "180+1"]
[EndTime "12:08:45 PDT"]
[Termination "Shield12 won by checkmate"]

1. d4 Nf6 2. Nf3 e6 3. e3 b6 4. Bd3 Bb7 5. O-O d5 6. b3 Bd6 7. c4 O-O 8. cxd5 exd5 9. Ba3 Bxa3 10. Nxa3 a6 11. Rc1 Nbd7 12. Nb1 c5 13. Nc3 Rc8 14. Bf5 g6 15. Bh3 Rc7 16. Qe2 Qe7 17. Na4 c4 18. bxc4 dxc4 19. Nc3 b5 20. Rfd1 b4 21. Na4 c3 22. Bxd7 Nxd7 23. d5 Qd6 24. e4 Re8 25. Qd3 a5 26. Qd4 Ba6 27. Nxc3 bxc3 28. Rxc3 Rxc3 29.
Qxc3 Rxe4 30. Qxa5 Be2 31. Nd2 Rd4 32. Re1 Rxd5 33. Ne4 Rxa5 34. Nxd6 Rxa2 35. h4 Nf6 36. f3 Nd5 37. Ne4 Nf4 38. Nc3 Rc2 39. Nxe2 Nxe2+ 40. Kf2 Nf4+ 41. Kg3 Nxg2 42. Re4 h5 43. f4 Kg7 44. f5 gxf5 45. Re5 Kg6 46. Ra5 f6 47. Ra3 f4+ 48. Kh3 Ne3 49. Ra6 Rc1 50. Kh2 Kf5 51. Ra2 Kg4 52. Rf2 f3 53. Rg2+ Kf4 54. Rg4+ Nxg4+ 55. Kh3 Rh1# 0-1

[Event "*** Titled Tuesday Blitz"]
[Site "Chess.com"]
[Date "2021.03.30"]
[Round "11"]
[White "DonPreuss"]
[Black "TeukkaSalama"]
[Result "0-1"]
[WhiteElo "2252"]
[BlackElo "2324"]
[TimeControl "180+1"]
[EndTime "12:08:45 PDT"]
[Termination "TeukkaSalama won on time"]

1. d4 d5 2. e4 dxe4 3. Nc3 Nf6 4.
f3 exf3 5. Nxf3 c6 6. Bc4 Bf5 7. O-O e6 8. Ne5 Bg6 9. Bg5 Nbd7 10. Qf3 Be7 11. Nxg6 hxg6 12. Ne4 Nb6 13. Bxf6 Bxf6 14. Nxf6+ gxf6 15. Qc3 Nxc4 16. Qxc4 f5 17. Rfe1 Qd5 18. Qxd5 cxd5 19. c3 Kd7 20. Re3 Kd6 21. Rf1 b5 22. g4 a5 23. gxf5 gxf5 24. Kh1 Rh4 25. Rg1 Rah8 26. Rg2 b4 27. Reg3 R8h6 28. Rg7 f6 29.
Ra7 bxc3 30. bxc3 Rh3 31. Kg1 Rxc3 32. Rxa5 Rc1+ 33. Kf2 Rc2+ 34. Kg1 Rxg2+ 35. Kxg2 Rh4 36. Ra6+ Ke7 37. Ra7+ Kf8 38. Ra8+ Kf7 39. Ra7+ Kg6 40. Re7 Rxd4 41. Rxe6 Rd2+ 42. Kg3 Rxa2 43. Rd6 Rd2 44.
Rd8 Rd3+ 45. Kg2 f4 46. Rg8+ Kf5 47. Kf2 Rh3 48. Kg2 Rh5 49. Re8 Rh7 50. Kg1 Kg4 51. Kg2 f3+ 52. Kg1 Kf4 53. Rd8 Rh5 54. Rf8 f5 55. Re8 Rg5+ 56. Kf1 Rg2 57. Rh8 Ra2 58. h4 Rh2 59. h5 Rh4 60. h6 Ke3 61. Re8+ Kd3 0-1

[Event "*** Titled Tuesday Blitz"]
[Site "Chess.com"]
[Date "2021.03.30"]
[Round "11"]
[White "Tenamu"]
[Black "Leonid_Starozhilov"]
[Result "1-0"]
[WhiteElo "2512"]
[BlackElo "2718"]
[TimeControl "180+1"]
[EndTime "12:08:46 PDT"]
[Termination "Tenamu won on time"]

1. e4 Nc6 2. Nf3 d6 3. d4 Nf6 4. Nc3 g6 5. d5 Nb8 6. Be2 Bg4 7. Nd4 Bxe2 8. Qxe2 Nbd7 9. O-O Bg7 10. Be3 O-O 11.
f4 Nb6 12. a4 a5 13. Rad1 Nfd7 14. h4 Nc5 15. b3 e5 16. dxe6 fxe6 17. h5 Qh4 18. hxg6 hxg6 19. Nf3 Qg4 20. e5 Nbd7 21. Qc4 Rac8 22. Ng5 d5 23. Nxd5 exd5 24. Rxd5 Kh8 25. Bxc5 Rf5 26. Rxd7 b6 27. Rf3 Rxg5 28. fxg5 Qxd7 29.
Rh3+ Qxh3 30. gxh3 bxc5 31. Qxc5 Re8 32. Qxa5 Bxe5 33. h4 Bd6 34. Qb5 Re5 35. Qd3 Kg7 36. c3 Rf5 37. b4 Rf4 38. a5 Rg4+ 39. Kf1 Rxh4 40. a6 Rh1+ 41. Kg2 Rh2+ 42. Kf3 Ra2 43. b5 Kf8 44. Qxg6 Ke7 45. Qf6+ Kd7 46. Qf7+ Kc8 47.
Qxa2 1-0

[Event "*** Titled Tuesday Blitz"]
[Site "Chess.com"]
[Date "2021.03.30"]
[Round "11"]
[White "Bishops83"]
[Black "JiiHart"]
[Result "1-0"]
[WhiteElo "2246"]
[BlackElo "2056"]
[TimeControl "180+1"]
[EndTime "12:08:46 PDT"]
[Termination "Bishops83 won on time"]

1. e4 c5 2. Nf3 Nc6 3. d4 cxd4 4. Nxd4 Nf6 5. Nc3 d6 6. f3 e5 7. Nb3 h6 8. Be3 Be6 9. Qd2 a6 10. O-O-O b5 11. g4 Be7 12. h4 Qc7 13. Kb1 Rc8 14. Nd5 Bxd5 15. exd5 Nb8 16. Rc1 Nbd7 17.
c4 b4 18. Bd3 a5 19. Qe2 a4 20. Nd2 Nc5 21. Ne4 Nfxe4 22. Bxe4 b3 23. a3 Nxe4 24.
fxe4 Qd7 25. Rc3 g6 26. Rhc1 Bf8 27. c5 dxc5 28. Bxc5 Bxc5 29. Rxc5 Rxc5 30. Rxc5 O-O 31. h5 g5 32. Rc6 Kg7 33. Qf3 f6 34. Re6 Rf7 35.
Qf5 Kf8 36. Qg6 Qa7 37. Qxh6+ Rg7 38. Qxf6+ Rf7 39. Qd8+ Kg7 40. Rg6+ 1-0